 Dungeon Crawl Stone Soup version 0.27-a0-1200-g94dc6ad4cf (webtiles) character file.

Game seed: 3653111270605882698

0 spiderkeys the Ducker (level 1, -3/11 HPs)
             Began as a Spriggan Abyssal Knight on June 1, 2021.
             Was a Follower of Lugonu.
             Slain by a thrashing horror (14 damage)
             ... on level 1 of the Abyss.
             The game lasted 00:00:26 (263 turns).

spiderkeys the Ducker (Spriggan Abyssal Knight)      Turns: 263, Time: 00:00:27

Health: -3/11      AC:  2    Str:  8    XL:     1   Next: 0%
Magic:  3/3        EV: 17    Int: 13    God:    Lugonu [*.....]
Gold:   0          SH:  0    Dex: 14    Spells: 0/0 levels left

rFire    . . .     SeeInvis +   a - +1 short sword
rCold    . . .     Faith    .   (shield restricted)
rNeg     . . .     Spirit   .   b - +0 robe
rPois    .         Reflect  .   (helmet restricted)
rElec    .         Harm     .   (no cloak)
rCorr    .         Rampage  .   (gloves unavailable)
Will     .....                  (boots unavailable)
Stlth    +.........             (no amulet)
HPRegen  0.03/turn              (no ring)
MPRegen  0.08/turn              (no ring)

@: very quick
A: very small, no large weapons, unfitting armour, see invisible, speed 3
a: Renounce Religion, Depart the Abyss


You were on level 1 of the Abyss.
You worshipped Lugonu.
Lugonu was aware of your devotion.
You visited 0 branches of the dungeon, and saw 0 of its levels.
You visited the Abyss 1 time.


Innate Abilities, Weirdness & Mutations

You are very small and have problems with some larger weapons.
You are too small for most types of armour.
You have supernaturally acute eyesight. (SInv)
You cover ground extremely quickly. (Speed+++)


   Skills:
 + Level 2.4 Fighting
 + Level 2.1 Short Blades
 + Level 3.2 Dodging
 + Level 1.7 Invocations


You couldn't memorise any spells.
You didn't know any spells.
Your spell library was empty.

Inventory:

Hand Weapons
 a - a +1 short sword (weapon)
Missiles
 c - 16 stones
Armour
 b - a +0 robe (worn)
Potions
 d - a potion of haste {unknown}

Dungeon Overview and Level Annotations

Branches:
Dungeon (0/15)

Altars:

.. ###.##. .#
#.###...#3.#.#
###.#...##....#
#.#.#.#..#..#.
#.
#....#..#..####
## #.##..#####
....#..##..##
#...X....##
##...@....#
###.###.#..#
##.#. ####..#
######. # ##
.###.. #.#


You could see a thrashing horror.


Message History

🤖 Initializing magus.rc ...
Options error: Delay interrupt name "hungry" not recognised. (~/.crawlrc:4988) ✅ Successfully initialized magus.rc [v1.9.10] Welcome, spiderkeys the Spriggan Abyssal Knight.
Will you prevail where others failed? Will you find the Orb of Zot?
Lugonu says: Depart the Abyss and spread corruption, my servant! (use the ability menu to exit the Abyss) Press ? for a list of commands and other information.
Found 16 stones.
Found a corrupted altar of Lugonu.
c - 16 stones
Found a gateway leading deeper into the Abyss.
Found a gateway leading out of the Abyss.
There is a gateway leading deeper into the Abyss here.
You see here a +0 club.
A glowing orange brain comes into view.
The glowing orange brain turns its attention towards you.
The glowing orange brain pulsates.
The glowing orange brain radiates an aura of fear!
You are terrified of the glowing orange brain!
You cannot move closer to the glowing orange brain!
You cannot move closer to the glowing orange brain!
Unknown command.
A tentacled starspawn comes into view.
The glowing orange brain pulsates.
Tentacles burst from the starspawn's body! 2 starspawn tentacles come into view.
You are no longer terrified.
The starspawn tentacle misses you. The starspawn tentacle misses you.
The starspawn tentacle grabs you.
The starspawn tentacle constricts you. 😕 HP[-2]
You take 2 damage, and now have 9/11 hp.
You escape the starspawn tentacle's grasp.
A wretched star comes into view.
An ancient zyme comes into view.
You feel yourself growing ill in the presence of the ancient zyme.
The ancient zyme completely misses you. The ancient zyme misses you.
You feel ill.
A large abomination comes into view.
A large abomination comes into view.
The large abomination completely misses you.
You are suddenly pulled into a different region of the Abyss!
You feel your health improve.
d - a purple potion 😎 HP[+2]
Your hp is fully restored (11).
Unknown command.
A thrashing horror emerges from the beyond.
The thrashing horror roars!
A sixfirhy comes into view.
The thrashing horror closely misses you.
The thrashing horror tramples you but does no damage.
The thrashing horror tramples you!
Ouch! That really hurt!
You die...

Action                   || total
-------------------------++-------
Armor: Robe              ||     1
Dodge: Dodged            ||     6

Levels and vault maps discovered:
Abyss:1:  base: Temple, base:
Temple

Notes
Turn   | Place    | Note
-------+----------+-------------------------------------------
     0 | Abyss:1  | spiderkeys the Spriggan Abyssal Knight began the quest for
                  | the Orb.
     0 | Abyss:1  | Reached XP level 1. HP: 11/11 MP: 3/3
     0 | Abyss:1  | magus.rc [v1.9.10]
    50 | Abyss:1  | Noticed a glowing orange brain
    53 | Abyss:1  | Noticed a tentacled starspawn
    56 | Abyss:1  | Noticed a wretched star
    56 | Abyss:1  | Noticed a chaos spawn
    56 | Abyss:1  | Noticed an angel
    66 | Abyss:1  | Noticed a wretched star
    70 | Abyss:1  | Noticed an ancient zyme
    80 | Abyss:1  | Noticed a large abomination
    82 | Abyss:1  | Noticed a large abomination
   253 | Abyss:1  | Noticed a thrashing horror
   256 | Abyss:1  | Noticed a sixfirhy
   263 | Abyss:1  | Slain by a thrashing horror

Vanquished Creatures (others)
  3 starspawn tentacles (Abyss:1)
3 creatures vanquished.

Table legend:
 A = Non-vault XP
 B = Vault XP
 C = Vault XP percentage of total XP
 D = Non-vault monster count
 E = Vault monster count
 F = Vault count percentage of total count
                 A         B        C        D         E       F
            +---------+---------+-------+---------+---------+-------
      Total |       0 |       0 |   N/A |       0 |       0 |  -nan
            +---------+---------+-------+---------+---------+-------
            +---------+---------+-------+---------+---------+-------

Illustrated notes

Table legend: (Time is in decaauts)
 A = Elapsed time spent in this place.
 B = Non-inter-level travel time spent in this place.
 C = Inter-level travel time spent in this place.
 D = Time resting spent in this place.
 E = Time spent auto-exploring this place.
 F = Levels seen in this place.
 G = Mean time per level.
                   A        B        C        D        E       F      G
               +--------+--------+--------+--------+--------+-----+--------+
         Total |    201 |    201 |      0 |      0 |    146 |   1 |  201.0 |
         Abyss |    201 |    201 |      0 |      0 |    146 |   1 |  201.0 |
               +--------+--------+--------+--------+--------+-----+--------+

Top non-repeatable levels by time:
 Abyss:1: 201 daAuts
